 Dungeon Crawl Stone Soup version 0.22.0-16-gc6d26f69f9 (webtiles) character file.

1937 Peloso the Carver (level 8, -1/70 HPs)
             Began as a Minotaur Fighter on Aug 18, 2018.
             Slain by Menkaure (5 damage)
             ... on level 6 of the Dungeon.
             The game lasted 00:12:02 (4722 turns).

Peloso the Carver (Minotaur Fighter)                Turns: 4722, Time: 00:12:04

Health: -1/70      AC: 13    Str: 21    XL:     8   Next: 97%
Magic:  0/16       EV:  6    Int:  5    God:
Gold:   112        SH: 11    Dex: 12    Spells: 7/7 levels left

rFire    . . .     SeeInvis .   a - +0 long sword
rCold    . . .     Gourm    .   c - +0 shield
rNeg     . . .     Faith    .   w - +0 plate armour
rPois    .         Spirit   +   (helmet restricted)
rElec    .         Reflect  .   p - scarf {cloud immunity}
rCorr    .         Harm     .   (no gloves)
MR       .....                  (no boots)
Stlth    ..........             t - amulet of guardian spirit
HPRegen  0.21/turn              d - ring of stealth
MPRegen  0.15/turn              q - ring of magical power

@: no status effects
A: retaliatory headbutt, horns 2
a: no special abilities


You were on level 6 of the Dungeon.
You were not hungry.

You visited 1 branch of the dungeon, and saw 6 of its levels.

You collected 209 gold pieces.
You spent 97 gold pieces at shops.

Inventory:

Hand Weapons
 a - a +0 long sword (weapon)
 k - a +3 mace
Armour
 b - a +0 chain mail
 c - a +0 shield (worn)
 l - a +0 cloak
 p - a scarf of cloud immunity (worn)
 w - a +0 plate armour (worn)
Jewellery
 d - a ring of stealth (left hand)
 q - a ring of magical power (right hand)
 t - an amulet of guardian spirit (around neck)
Wands
 n - a wand of digging (9)
 A - a wand of iceblast (5)
Scrolls
 e - a scroll of fear {unknown}
 h - a scroll of fog {unknown}
 i - a scroll of enchant armour {unknown}
 j - 2 scrolls of identify {unknown}
 m - 4 scrolls of remove curse {unknown}
 r - a scroll of magic mapping {unknown}
 v - a scroll of blinking
 x - a scroll of random uselessness {unknown}
 y - a scroll of immolation {unknown}
 z - a scroll of teleportation {unknown}
Potions
 g - a potion of curing
 o - a potion of agility {unknown}
 u - a potion of magic {unknown}
 B - a potion of might
Comestibles
 f - 13 rations
 C - 3 chunks of flesh


   Skills:
 + Level 5.8 Fighting
 + Level 8.7 Long Blades
 + Level 7.6 Armour
 + Level 3.7 Dodging
 + Level 0.4 Stealth
 + Level 7.1 Shields


You had 7 spell levels left.
You didn't know any spells.
Your spell library contained the following spells:

 Spells                   Type           Power        Failure   Level  Hunger
 Lightning Bolt           Conj/Air       #.........   100%        5    ######.
 Shock                    Conj/Air       #...         100%        1    ##.....
 Swiftness                Chrm/Air       #.......     100%        2    ###....
 Airstrike                Air            #.........   100%        4    #####..
 Static Discharge         Conj/Air       #.......     100%        3    ####...


Dungeon Overview and Level Annotations

Branches:
Dungeon (6/15)
 Temple: D:4-7

Altars:
Kikubaaqudgha
Sif Muna
Trog
Uskayaw
Wu Jian
Xom

Shops:
D:5 ?

Annotations:
D:4 2 transporters, tidbits's ghost, weakling GnSk
D:6 Menkaure


Innate Abilities, Weirdness & Mutations

You reflexively headbutt those who attack you in melee.
You have a pair of horns on your head.


Message History

You headbutt Menkaure!
Menkaure is severely damaged.
Menkaure hits you but does no damage.
You slash Menkaure!
Menkaure is almost destroyed.
Menkaure calls on the powers of darkness!
Your body is wracked with pain!
* * * LOW HITPOINT WARNING * * *
The phantom hits you.
* * * LOW HITPOINT WARNING * * *
Menkaure hits you but does no damage.
You feel better.
Menkaure gestures at you while chanting.
Pain shoots through your body!
* * * LOW HITPOINT WARNING * * *
The phantom blinks!
Your plate armour prevents you from hitting Menkaure.
Menkaure is almost destroyed.
Menkaure hits you.
You die...

#.....# ##....#
######.....#
##....#.....#..
#...........'...
#......M....#....
#....)......# ... #+##
########M##.####### ..
##...##.##..##@##.####. .
#..............ยง.....W...
#.....#############......
#.....# ##8## ......
#.....##8...8 .....
#.....##..... .....
#.....#_..... ###.
#.....##.....
##....##8...8


You could see a phantom and Menkaure.

Vanquished Creatures
  Pikel (D:4)
  Grinder (D:3)
  Sigmund (D:3)
  An ice beast (D:5)
  An orc warrior (D:4)
  A sky beast (D:5)
  A phantom (D:5)
  A hornet zombie (D:6)
  3 crimson imps (D:3)
  2 jellies (D:6)
  Crazy Yiuf (D:2)
  Ijyb (D:3)
  2 iguanas
  4 orc wizards
  4 worker ants
  7 gnolls
  3 adders
  A shadow imp (D:5)
  2 oozes
  An adder skeleton (D:4)
  2 worms
  A dart slug (D:2)
  5 leopard geckos
  19 orcs
  6 bats
  5 giant cockroaches
  5 goblins
  5 hobgoblins
  6 kobolds
  2 quokkas
  2 ball pythons
  5 frilled lizards
  A leopard gecko skeleton (D:4)
  5 rats
108 creatures vanquished.

Vanquished Creatures (others)
  3 slaves (D:4)
  A worker ant (D:4)
  A giant cockroach (D:4)
5 creatures vanquished.

Grand Total: 113 creatures vanquished

Notes
Turn   | Place    | Note
-------+----------+-------------------------------------------
     0 | D:1      | Peloso the Minotaur Fighter began the quest for the Orb.
     0 | D:1      | Reached XP level 1. HP: 19/19 MP: 0/0
   124 | D:1      | Reached XP level 2. HP: 25/27 MP: 1/1
   619 | D:2      | Reached XP level 3. HP: 28/33 MP: 2/2
   906 | D:2      | Reached skill level 3 in Long Blades
   958 | D:2      | Found a runed door.
   962 | D:2      | Noticed Crazy Yiuf
   970 | D:2      | Killed Crazy Yiuf
   970 | D:2      | Reached XP level 4. HP: 15/40 MP: 0/3
  1478 | D:3      | Noticed Sigmund
  1483 | D:3      | Killed Sigmund
  1483 | D:3      | Reached skill level 4 in Long Blades
  1483 | D:3      | Reached skill level 5 in Armour
  1483 | D:3      | Reached XP level 5. HP: 47/47 MP: 4/4
  1507 | D:3      | Noticed Ijyb
  1514 | D:3      | Killed Ijyb
  1514 | D:3      | Reached skill level 5 in Shields
  1514 | D:3      | Reached XP level 6. HP: 52/53 MP: 5/5
  1764 | D:3      | Found a hide-covered altar of Uskayaw.
  1765 | D:3      | Noticed Grinder
  1805 | D:3      | Paralysed by Grinder for 3 turns
  1814 | D:3      | Paralysed by Grinder for 4 turns
  1819 | D:3      | HP: 2/79 [Grinder (4)]
  1827 | D:3      | Paralysed by Grinder for 3 turns
  1835 | D:3      | Killed Grinder
  1835 | D:3      | Reached skill level 5 in Long Blades
  1835 | D:3      | Reached skill level 1 in Dodging
  2352 | D:3      | Found a shimmering altar of Xom.
  2402 | D:3      | Reached XP level 7. HP: 60/60 MP: 6/6
  2729 | D:4      | Found a transporter.
  2733 | D:4      | Noticed tidbits's ghost (weakling GnSk)
  2748 | D:4      | Found a transporter.
  2940 | D:4      | Reached skill level 6 in Long Blades
  2991 | D:4      | Noticed Pikel
  3011 | D:4      | Killed Pikel
  3011 | D:4      | Reached skill level 5 in Fighting
  3011 | D:4      | Reached skill level 7 in Long Blades
  3011 | D:4      | Reached XP level 8. HP: 31/68 MP: 7/7
  3034 | D:4      | Found a bloodstained altar of Trog.
  3201 | D:4      | Found an ancient bone altar of Kikubaaqudgha.
  3523 | D:5      | Entered Level 5 of the Dungeon
  3530 | D:5      | Found Evakh's Magic Scroll Emporium.
  3540 | D:5      | Bought a scroll of blinking for 97 gold pieces
  3662 | D:5      | Reached skill level 8 in Long Blades
  4387 | D:5      | Found a deep blue altar of Sif Muna.
  4608 | D:6      | Found an ornate altar of the Wu Jian Council.
  4705 | D:6      | Noticed Menkaure
  4720 | D:6      | HP: 3/70 [phantom (3)]
  4722 | D:6      | Slain by Menkaure

Skill      XL: |  1  2  3  4  5  6  7  8 |
---------------+-------------------------+-----
Shields        | 4 5 6 7 |  7.1
Armour         | 4 5 6 7 |  7.6
Fighting       | 4 5 |  5.8
Long Blades    | 3 4 5 7 8 |  8.7
Dodging        | 1 2 3 |  3.7
Stealth        | |  0.4

Action                   |  1- 3 |  4- 6 |  7- 9 || total
-------------------------+-------+-------+-------++-------
Melee: Long sword        |    87 |   105 |   246 ||   438
       Headbutt          |    21 |    13 |    54 ||    88
  Use: Potion            |       |     3 |     4 ||     7
  Eat: Chunk             |       |     4 |     6 ||    10
       Ration            |       |       |     1 ||     1
Armor: Scale mail        |    41 |    39 |    19 ||    99
       Skin              |       |    37 |       ||    37
       Chain mail        |       |       |    11 ||    11
       Plate armour      |       |       |    67 ||    67
Dodge: Dodged            |    28 |    36 |    61 ||   125
Block: Shield            |    45 |    67 |   117 ||   229
       Rpst.: Long sword |     8 |     8 |    15 ||    31
